Map: Canyon of Tribulation

Players

MattBarry - Winner!

  • Race: Terran Terran
  • League: Gold
  • Spawn Location: 3:00

Alebay - Winner!

  • Race: Protoss Protoss
  • Spawn Location: 12:00

MattBarry - Winner!

  • Race: Zerg Zerg
  • Spawn Location: 12:00

BOBFRETES

  • Race: Terran Terran
  • Spawn Location: 6:00

BaiaOg

  • Race: Terran Terran
  • Spawn Location: 7:00

ramsés

  • Race: Zerg Zerg
  • League: Silver
  • Spawn Location: 6:00

VOD

Have the link to the VOD?

Description

Time

  • Played on: Jan. 18, 2023, 6:54 p.m.
  • Length: 7:42
Show
View Real Time Build Order
Export as new Build Order

MattBarry Terran - Winner!

Build Orders:  

Get SALT Encoding   

  12  0:00  SCV  
  13  0:12  SCV  
  14  0:18  Supply Depot  
  14  0:24  SCV  
  15  0:39  SCV  
  15  0:41  Barracks  
  16  0:51  SCV  
  17  1:04  SCV  
  18  1:19  SCV  
  18  1:25  Command Center  
  19  1:31  Orbital Command  
  19  1:32  Marine  
  20  1:38  Refinery  
  20  1:44  Supply Depot  
  20  1:50  Marine  
  21  1:54  Refinery  
  21  1:57  SCV  
  22  2:08  Marine  
  23  2:10  SCV  
  24  2:22  SCV  
  25  2:25  Marine  
  26  2:34  SCV  
  23  2:37  Orbital Command  
  27  2:44  Marine  
  27  2:49  SCV  
  29  2:55  Factory  
  29  2:58  Engineering Bay  
  29  3:01  SCV  
  29  3:02  Barracks Reactor  
  29  3:04  SCV  
  31  3:15  SCV  
  31  3:16  SCV  
  33  3:23  Command Center  
  33  3:30  SCV  
  33  3:31  SCV  
  35  3:40  Starport  
  35  3:43  SCV x2  
  37  3:50  Supply Depot  
  37  3:52  Barracks Tech Lab  
  37  3:55  SCV x2  
  39  3:56  Refinery  
  39  4:01  Armory  
  39  4:06  Widow Mine x2  
  39  4:07  SCV x2  
  45  4:19  SCV x2  
  45  4:20  Supply Depot  
  50  4:31  SCV x2  
  51  4:39  Raven  
  50  4:52  Orbital Command  
  50  4:53  SCV x2  
  52  5:05  Starport, SCV x2  
  52  5:06  Starport  
  54  6:15  Starport Reactor x2  
  54  6:17  Widow Mine x2  
  58  6:19  SCV x2  
  58  6:22  SCV  
  61  6:26  Refinery  
  61  6:31  SCV x2  
  63  6:34  SCV  
  64  6:43  SCV x2  
  64  6:46  SCV  
  67  6:48  Refinery  
  67  6:50  Refinery  
  67  6:52  Starport  
  67  6:53  Starport  
  67  6:55  SCV  
  67  6:56  SCV  
  67  6:57  Viking x3  
  67  6:58  SCV  
  76  7:04  Supply Depot  
  76  7:06  Supply Depot  
  76  7:07  Supply Depot, SCV  
  77  7:09  Supply Depot  
  77  7:14  Widow Mine x2  
  85  7:18  SCV x2  
  85  7:20  SCV  
  88  7:30  SCV x2  
Show
View Real Time Build Order
Export as new Build Order

Alebay Protoss - Winner!

Build Orders: 1 Gate Expand 

Get SALT Encoding   

  12  0:00  Probe  
  13  0:12  Probe  
  14  0:20  Pylon  
  14  0:24  Probe  
  15  0:30  Assimilator  
  15  0:38  Probe  
  16  0:49  Gateway  
  16  0:50  Probe  
  17  1:03  Probe  
  18  1:15  Probe  
  19  1:27  Probe  
  19  1:28  Nexus  
  20  1:33  Assimilator  
  20  1:39  Probe  
  21  1:44  Pylon  
  21  1:52  Probe  
  22  2:00  Cybernetics Core  
  22  2:04  Probe  
  23  2:17  Probe  
  24  2:24  Pylon  
  24  2:33  Gateway, Probe  
  25  2:38  Warp Gate (Chrono Boost)  
  25  2:40  Probe  
  26  2:53  Forge  
  26  2:54  Probe x2  
  28  2:59  Pylon  
  28  3:03  Adept  
  30  3:09  Probe x2  
  32  3:20  Stalker  
  32  3:26  Probe x2  
  36  3:32  Assimilator  
  36  3:38  Probe x2  
  40  3:43  Protoss Ground Weapons Level 1 (Chrono Boost)  
  40  3:49  Pylon  
  40  3:50  Probe x2  
  40  4:08  Probe x2  
  42  4:17  Assimilator  
  42  4:22  Stalker x2  
  46  4:33  Twilight Council  
  46  4:37  Gateway  
  46  4:43  Probe x2  
  48  4:48  Stalker x2  
  52  4:58  Photon Cannon  
  52  5:01  Photon Cannon  
  52  5:06  Pylon  
  52  5:11  Blink  
  52  5:13  Stalker x2  
  56  5:32  Probe x2  
  56  5:34  Protoss Ground Armor Level 1 (Chrono Boost)  
  56  5:35  Pylon  
  58  5:38  Pylon  
  58  5:46  Adept x2  
  58  5:47  Adept  
  64  6:02  Pylon  
  64  6:05  Pylon  
  62  6:31  Stalker x3  
  68  6:45  Gateway  
  68  6:46  Gateway  
  68  6:48  Gateway  
  68  6:55  Stalker x3  
  74  7:19  Robotics Facility  
  74  7:22  Robotics Facility  
  74  7:31  Adept x3  
Show
View Real Time Build Order
Export as new Build Order

MattBarry Zerg - Winner!

Build Orders: Hatch First 

Get SALT Encoding   

  12  0:00  Drone  
  13  0:16  Overlord  
  13  0:27  Drone  
  14  0:35  Drone  
  14  0:36  Drone  
  16  0:58  Hatchery  
  16  1:02  Drone  
  16  1:11  Extractor  
  15  1:15  Spawning Pool  
  14  1:19  Drone  
  14  1:21  Drone  
  14  1:25  Drone  
  17  1:36  Drone  
  18  1:50  Drone  
  19  2:01  Drone  
  20  2:18  Metabolic Boost  
  20  2:22  Drone x2  
  22  2:24  Queen  
  22  2:25  Queen  
  26  2:34  Hatchery  
  25  2:50  Zergling x2, Overlord  
  25  2:51  Zergling x2  
  27  3:00  Evolution Chamber  
  27  3:05  Baneling Nest  
  25  3:18  Drone x2  
  27  3:31  Zerg Ground Armor Level 1  
  27  3:38  Extractor  
  26  3:49  Drone x5  
  26  3:50  Drone x2  
  26  3:55  Queen  
  35  4:03  Zergling x2  
  36  4:20  Zergling x4  
  36  4:21  Zergling x4  
  40  4:28  Drone x2, Overlord x2  
  40  4:31  Overlord  
  40  4:48  Zergling x10  
  40  4:49  Zergling x2  
  46  5:19  Zergling x2  
  46  5:20  Zergling x4  
  46  5:21  Zergling x6  
  52  5:22  Overlord x2  
  52  5:35  Hatchery  
  51  6:00  Baneling  
  51  6:01  Baneling x11  
  51  6:06  Lair  
  51  6:09  Drone  
  51  6:10  Drone x8  
  53  6:45  Drone x2  
  53  6:46  Drone x7  
  56  7:12  Zergling x16  
Show
View Real Time Build Order
Export as new Build Order

BOBFRETES Terran 

Build Orders:  

Get SALT Encoding   

  12  0:05  SCV  
  13  0:26  Supply Depot  
  13  0:51  Supply Depot  
  13  1:22  Barracks  
  13  1:31  SCV  
  14  1:43  SCV  
  15  1:55  SCV  
  16  2:07  SCV  
  17  2:23  Refinery  
  17  2:26  Marine  
  18  2:44  Marine  
  19  3:32  Orbital Command  
  19  4:12  SCV  
  20  4:24  SCV  
  21  4:32  Factory  
  21  4:37  SCV  
  22  5:33  Factory Tech Lab  
  22  5:38  Marine  
  23  5:55  Marine  
  24  6:13  Marine, Refinery  
  25  6:31  Marine  
  26  6:39  Siege Tank  
  29  6:49  Marine  
  30  6:57  SCV  
Show
View Real Time Build Order
Export as new Build Order

BaiaOg Terran 

Build Orders:  

Get SALT Encoding   

  12  0:02  SCV  
  13  0:19  SCV  
  14  0:23  Supply Depot  
  14  0:31  SCV  
  15  0:45  SCV  
  15  0:48  Barracks  
  16  0:57  SCV  
  17  1:09  SCV  
  18  1:27  Supply Depot  
  18  1:41  Bunker, Orbital Command  
  18  1:46  Marine  
  19  1:57  Barracks  
  19  2:04  Marine  
  20  2:21  Marine  
  21  2:25  SCV  
  22  2:37  SCV  
  22  2:39  Marine  
  24  2:45  Barracks, Command Center  
  24  2:49  SCV  
  25  2:54  Refinery  
  25  2:57  Marine  
  26  3:05  Refinery  
  26  3:07  Marine  
  27  3:15  Marine  
  28  3:23  Engineering Bay  
  28  3:25  Marine  
  29  3:33  Marine  
  29  3:34  Marine  
  31  3:54  Supply Depot  
  31  3:57  Marine x3  
  34  4:14  Marine x3  
  34  4:16  Supply Depot  
  37  4:32  Marine x3  
  36  4:40  Supply Depot  
  30  4:50  Marine x3  
  30  4:51  Planetary Fortress  
  33  4:56  SCV  
  34  5:08  Marine x3, SCV  
  37  5:20  SCV  
  33  5:26  Marine x3  
  33  5:27  SCV  
  37  5:32  SCV  
  38  5:39  SCV  
  39  5:43  Marine x2  
  39  5:44  SCV  
  42  5:51  SCV  
  42  5:55  Command Center  
  43  6:03  SCV  
  44  6:15  SCV  
  45  6:23  Marine x3  
  48  6:40  Marine  
  48  6:41  Marine x2  
  51  6:58  Marine x2  
  51  6:59  Marine  
  54  7:16  Marine x3  
Show
View Real Time Build Order
Export as new Build Order

ramsés Zerg 

Build Orders: Hatch First 

Get SALT Encoding   

  12  0:01  Drone  
  14  0:21  Drone  
  14  0:37  Hatchery  
  13  0:44  Drone  
  13  0:46  Overlord  
  14  1:06  Spawning Pool  
  14  1:09  Drone  
  14  1:12  Drone  
  14  1:16  Extractor  
  14  1:18  Drone  
  15  1:29  Drone  
  16  1:34  Drone  
  17  1:44  Drone  
  18  1:49  Drone  
  18  1:53  Zergling x2  
  20  1:55  Queen  
  22  2:02  Drone  
  23  2:22  Zergling x6  
  26  2:26  Drone  
  27  2:54  Drone  
  27  2:56  Overlord x3  
  28  2:58  Metabolic Boost  
  28  3:00  Hatchery  
  27  3:12  Drone  
  28  3:14  Queen  
  30  3:29  Drone x3  
  33  3:37  Lair  
  33  3:42  Roach Warren, Extractor  
  33  3:45  Drone  
  33  3:46  Drone  
  33  3:50  Drone  
  34  4:02  Drone x5  
  39  4:25  Zergling x2  
  39  4:26  Roach x4  
  39  4:27  Roach  
  50  4:54  Overlord  
  50  4:55  Overlord x3  
  50  5:03  Hatchery  
  49  5:14  Evolution Chamber  
  49  5:15  Evolution Chamber  
  47  5:25  Roach  
  47  5:26  Roach x6  
  61  5:32  Zergling x6  
  64  5:40  Drone x3  
  67  6:01  Drone  
  67  6:02  Drone x8  
  68  6:31  Zergling x18  
  68  6:32  Zergling x4  
Tags
 
Add a new tag
Caveats
  • Supply blocks, unpowered buildings, or Contaminate may cause inaccurate times.
  • Supply counts are checked every 10 seconds.